 Dungeon Crawl Stone Soup version 0.30.1-3-gfc49f6343a (webtiles) character file.

Game seed: 5513175720220282045

1271 KaraBoska the Cleaver (level 8, -6/64 HPs)
             Began as a Minotaur Berserker on July 22, 2023.
             Was a High Priest of Trog.
             Mangled by Crazy Yiuf
             ... wielding a +4 quarterstaff of chaos
              (10 damage)
             ... on level 5 of the Dungeon.
             The game lasted 00:43:40 (6083 turns).

KaraBoska the Cleaver (Minotaur Berserker)          Turns: 6083, Time: 00:43:41

Health: -6/64      AC: 16    Str: 25    XL:     8   Next: 28%
Magic:  7/7        EV:  7    Int:  4    God:    Trog [*****.]
Gold:   380        SH:  0    Dex:  9    Spells: 7/7 levels left

rFire   + . .        G - +1 spear (heavy)
rCold   . . .        (no shield)
rNeg    . . .        l - +2 plate armour
rPois   .            (helmet restricted)
rElec   .            f - +1 cloak {Stlth+}
rCorr   .            (no gloves)
SInv    +            A - +0 pair of boots
Will    .....        (no amulet) Stlth
                     h - ring of see invisible
HPRegen 0.30/turn    j - ring of protection from fire
MPRegen 0.10/turn

%: no passive effects
@: lethally poisoned (-6 -> -34)
A: horns 2, retaliatory headbutt
a: Renounce Religion, Berserk, Trog's Hand, Brothers in Arms


You were on level 5 of the Dungeon.
You worshipped Trog.
Trog was extremely pleased with you.
You visited 1 branch of the dungeon, and saw 5 of its levels.
You also visited: Sewer.

You collected 380 gold pieces.

Inventory:

Hand Weapons
 a - a +0 hand axe
 c - a +1 spear of venom
 e - a +1 trident of holy wrath
 i - a +0 whip
 m - a +0 quarterstaff
 o - a +0 dagger
 z - a +0 mace
 G - a +1 heavy spear (weapon)
Missiles
 H - 2 throwing nets (quivered)
Armour
 b - a +0 animal skin
 d - a +1 leather armour
 f - a +1 cloak of stealth (worn)
 l - a +2 plate armour (worn)
 n - a +1 ring mail
 q - a +0 chain mail
 y - a +2 chain mail of fire resistance
 A - a +0 pair of boots (worn)
Jewellery
 g - a ring of flight
 h - a ring of see invisible (left hand)
 j - a ring of protection from fire (right hand)
Wands
 x - a wand of flame (15)
 F - a wand of quicksilver (8)
Scrolls
 p - 4 scrolls of identify {unknown}
 t - 4 scrolls of teleportation
 v - 2 scrolls of poison {unknown}
 B - a scroll of immolation {unknown}
 C - a scroll of magic mapping
Potions
 k - a potion of ambrosia {unknown}
 r - 2 potions of haste {unknown}
 s - a potion of might
 u - 4 potions of flight
 w - a potion of attraction {unknown}
 D - a potion of degeneration {unknown}
 E - a potion of mutation {unknown}


   Skills:
 - Level 3.6 Fighting
 + Level 12.4 Axes
 - Level 2.4 Armour
 - Level 2.3 Dodging


You had 7 spell levels left.
You didn't know any spells.
Your spell library was empty.

Dungeon Overview and Level Annotations

Branches:
Dungeon (5/15)              Sewer (visited)
 Temple: D:4-7

Altars:
Trog
Uskayaw
Wu Jian

Annotations:
D:5 Crazy Yiuf


Innate Abilities, Weirdness & Mutations

You have a pair of horns on your head.
You reflexively headbutt those who attack you in melee.


Message History

As you open the door, it creaks loudly!
There is an open door here.
There is a stone staircase leading down here.
There is a stone staircase leading down here.
There is an open door here.
Found a smoking hammer.
Found a runed translucent door.
Crazy Yiuf shouts!
Crazy Yiuf says, "Whiteboard!"
You open the door.
Crazy Yiuf drinks a potion.
Crazy Yiuf seems to grow stronger.
Crazy Yiuf says, "Shower senile koolooloo!"
Crazy Yiuf hits you with a +4 quarterstaff of chaos.
Crazy Yiuf freezes you.
There is an open translucent door here.
You barely miss Crazy Yiuf.
Crazy Yiuf grits, "Aardvark!"
Crazy Yiuf hits you with a +4 quarterstaff of chaos.
You are electrocuted!
You closely miss Crazy Yiuf.
Crazy Yiuf cries, "Blight ena tortoise!"
Crazy Yiuf hits you with a +4 quarterstaff of chaos.
You are poisoned.
You hit Crazy Yiuf. Your headbutt misses Crazy Yiuf.
Crazy Yiuf is lightly wounded.
You feel very sick.
Crazy Yiuf yells, "Millenium rumpyflump turtle!"
Crazy Yiuf hits you but does no damage.
You are more poisoned.
You hit Crazy Yiuf but do no damage. Your headbutt misses Crazy Yiuf.
Crazy Yiuf is lightly wounded.
You feel very sick.
Crazy Yiuf hits you with a +4 quarterstaff of chaos!
* * * LOW HITPOINT WARNING * * *
You are lethally poisoned!
You barely miss Crazy Yiuf. Your headbutt misses Crazy Yiuf.
Crazy Yiuf is lightly wounded.
* * * LOW HITPOINT WARNING * * *
You feel extremely sick.
Crazy Yiuf hits you with a +4 quarterstaff of chaos!
You die...

#..##.##.##
#..#.###..#
#..#.#...##
##..##.##...
#####
#...#.#..#..
#)..#
#...####....
#...#
#...##......
#.g.#
#...##..###.
#@#
##..#).#.###
#.##
#...)####8#
##.#
#.)###.....
#.##
#..........
##.#
#.#######..
##.## #.#
##. #...#
##.# ##.
##...# #..#
... #....#
#.#######..#


You could see Crazy Yiuf (strong).

Vanquished Creatures
  2 orc warriors (D:5)
  2 phantoms (D:5)
  2 scorpions
  A jelly (D:5)
  A hound (D:5)
  An orc priest (D:5)
  3 sleepcaps
  3 iguanas
  7 orc wizards
  A sickly merfolk siren (Sewer)
  A malarious merfolk avatar (Sewer)
  10 adders
  6 gnolls
  A river rat (Sewer)
  A shadow imp (D:5)
  A white imp (D:5)
  3 worms
  3 dart slugs
  24 orcs
  12 ball pythons
  8 bats
  5 endoplasms
  5 giant cockroaches
  11 goblins
  13 hobgoblins
  4 jackals (D:4)
  6 quokkas
  10 frilled lizards
  6 kobolds
  38 rats
191 creatures vanquished.

Notes
Turn   | Place    | Note
-------+----------+-------------------------------------------
     0 | D:1      | KaraBoska the Minotaur Berserker began the quest for the
                  | Orb.
     0 | D:1      | Reached XP level 1. HP: 19/19 MP: 0/0
   413 | D:1      | Reached skill level 4 in Axes
   482 | D:1      | Reached XP level 2. HP: 26/26 MP: 1/1
   518 | D:1      | Found a faded altar of an unknown god.
   985 | D:2      | Reached skill level 5 in Axes
  1002 | D:2      | Reached XP level 3. HP: 25/31 MP: 2/2
  1224 | D:2      | Reached ** piety under Trog
  1397 | D:2      | Reached XP level 4. HP: 39/39 MP: 3/3
  1424 | D:2      | Reached skill level 6 in Axes
  2492 | D:3      | Reached XP level 5. HP: 21/45 MP: 4/4
  2575 | D:3      | Reached skill level 7 in Axes
  3581 | D:4      | Reached *** piety under Trog
  3633 | D:4      | Found a glowing drain.
  3647 | Sewer    | Entered a sewer
  3767 | Sewer    | Reached skill level 8 in Axes
  3819 | Sewer    | Reached XP level 6. HP: 51/51 MP: 5/5
  3835 | Sewer    | Reached **** piety under Trog
  4071 | D:4      | Found a hide-covered altar of Uskayaw.
  4299 | D:4      | Reached skill level 9 in Axes
  4716 | D:4      | Reached ***** piety under Trog
  4734 | D:5      | Entered Level 5 of the Dungeon
  4745 | D:5      | Reached XP level 7. HP: 6/57 MP: 6/6
  5017 | D:5      | Reached skill level 10 in Axes
  5135 | D:5      | Found an ornate altar of the Wu Jian Council.
  5410 | D:5      | Reached skill level 11 in Axes
  5459 | D:5      | Reached XP level 8. HP: 29/64 MP: 7/7
  5612 | D:5      | Reached skill level 12 in Axes
  5876 | D:5      | Noticed a moth of wrath
  5879 | D:5      | Found a bloodstained altar of Trog.
  6073 | D:5      | Found a runed translucent door.
  6074 | D:5      | Noticed Crazy Yiuf
  6083 | D:5      | Mangled by Crazy Yiuf

Illustrated notes

Levels and vault maps discovered:
D:1:      dpeg_arrival_snail, layout_basic, ebering_ecumenical_altar_petrified
D:2:      layout_basic, ebering_dispersal_statue_hall
D:3:      cheibrodos_greedy_goblins, layout_basic
D:4:      minmay_opposing_rooms, layout_rooms, nicolae_uskayaw_dance_hall,
          portal_sewer_entry_d, dreamdust_mushroom_princess
D:5:      layout_rooms, tgw_trog, mainiacjoe_overflow_alcove_4,
          grunt_ministairs_13, guppyfry_early_orc_mine, uniq_crazy_yiuf_cottage

Skill      XL: |  1  2  3  4  5  6  7  8 |
---------------+-------------------------+-----
Axes           | 4 5 6 8 9 11 12 | 12.4
Fighting       | |  3.6
Armour         | |  2.4
Dodging        | |  2.3

Action                     |  1- 3 |  4- 6 |  7- 9 || total
---------------------------+-------+-------+-------++-------
  Melee: Spear             |    82 |    17 |   117 ||   216
         Headbutt          |     7 |    31 |    24 ||    62
         Trident           |       |   239 |     9 ||   248
         Punch             |       |       |     2 ||     2
    Use: Scroll            |     2 |     7 |     1 ||    10
         Potion            |       |     3 |       ||     3
   Stab: Sleeping          |       |     1 |       ||     1
 Armour: Leather armour    |    29 |     3 |       ||    32
         Ring mail         |       |    11 |       ||    11
         Plate armour      |       |   177 |    89 ||   266
  Dodge: Dodged            |    34 |   128 |    40 ||   202
